AoeStats
← Hammurabi

Highland

506233020Analyzed
4v4 RM · 21d ago on Sep 12, 2026· 56m 2s· 8 players
Game mode
Random Map
Map size
Large (8 player)
Population
200
Speed
Normal
Resources
Standard
Victory
Conquest
Starting age
Dark Age
Ending age
Imperial Age
RankedLock teamsTeams togetherTeam positionsShared explorationLock speedFull tech treeHidden civsTurbo modeCheats
Victory
Defeat
🇺🇾 Britons · Uruguay
1087
+12
🇺🇾 Goths · Uruguay
1049
+13
🇺🇾 Franks · Uruguay
1041
+14
🇪🇸 Hindustanis · Spain
1024
+14
🇫🇷 Japanese · France
996
-14
🇹🇷 Bohemians · Türkiye
994
-13
🇺🇸 Dravidians · United States
987
-13
🇩🇪 Ethiopians · Germany
981
-13
Anne d'autriche
11:40 Feudal Age
10:25 Loom
12:11 Double-Bit Axe
13:13 Wheelbarrow
12:28 Horse Collar
15:25 Fishing Lines
18:40 Scale Mail Armor
18:51 Forging
18:56 Man-at-Arms
20:21 Gold Mining
20:29 Arson
23:22 Castle Age
23:31 Long Swordsman
23:57 Gambesons
24:13 Squires
27:16 Chain Mail Armor
28:55 Gillnets
29:33 Bow Saw
31:45 Demolition Ship
33:48 Iron Casting
34:32 Gold Shaft Mining
33:48 Stone Mining
36:24 Hand Cart
37:24 Heavy Plow
38:33 Caravan
46:06 Imperial Age
46:18 Two-Handed Swordsman
47:23 Conscription
48:09 Two-Man Saw
47:43 Plate Mail Armor
47:15 Champion
55:13 Blast Furnace
Darkness SOUL
6:05 Loom
11:34 Feudal Age
16:43 Castle Age
16:03 Double-Bit Axe
19:22 Horse Collar
28:05 Fervor
29:10 Wheelbarrow
32:37 Hand Cart
36:18 Imperial Age
33:53 Town Watch
35:17 Town Patrol
37:02 Chemistry
36:23 Ballistics
36:23 Murder Holes
37:29 Conscription
38:05 Heavy Plow
38:01 Fletching
38:22 Forging
38:20 Pikeman
39:01 Squires
38:46 Arson
39:07 Elite Hussite Wagon
39:58 Wagenburg Tactics
43:40 Halberdier
45:07 Siege Engineers
45:21 Bow Saw
Hammurabi
6:40 Loom
11:07 Feudal Age
9:26 Loom
16:21 Castle Age
14:17 Double-Bit Axe
17:21 Bow Saw
21:32 Crossbowman
22:10 Fletching
29:05 Bodkin Arrow
30:03 Padded Archer Armor
35:35 Leather Archer Armor
35:36 Elite Skirmisher
37:36 Ballistics
38:23 Thumb Ring
xunil
11:57 Feudal Age
15:44 Castle Age
14:43 Horse Collar
15:20 Double-Bit Axe
26:13 Gold Mining
29:26 Bow Saw
29:43 Fletching
31:29 Bodkin Arrow
33:23 Husbandry
34:39 Loom
35:55 Padded Archer Armor
36:51 Wheelbarrow
39:41 Imperial Age
39:44 Scale Mail Armor
40:10 Thumb Ring
44:28 Chemistry
43:50 Ballistics
44:16 Conscription
47:14 Bracer
47:29 Leather Archer Armor
KingAvedis II
0:37 Loom
12:10 Feudal Age
17:15 Double-Bit Axe
17:24 Gold Mining
20:26 Castle Age
25:56 Imperial Age
25:27 Scale Mail Armor
27:13 Wheelbarrow
27:59 Bow Saw
28:58 Forging
29:30 Chain Mail Armor
31:38 Horse Collar
34:36 Iron Casting
34:04 Squires
33:50 Arson
35:05 Elite Ghulam
36:13 Heavy Plow
37:31 Grand Trunk Road
38:16 Hand Cart
37:51 Town Watch
39:33 Blast Furnace
50:52 Hoardings
50:38 Conscription
50:34 Scale Barding Armor
54:09 Spies/Treason
56:27 Two-Man Saw
56:07 Gold Shaft Mining
55:23 Stone Mining
55:56 Chain Barding Armor
55:36 Padded Archer Armor
55:27 Fletching
56:11 Coinage
Chacal
4:27 Loom
10:29 Feudal Age
19:46 Castle Age
18:02 Double-Bit Axe
24:07 Elite Skirmisher
25:53 Scale Barding Armor
27:20 Chain Barding Armor
28:00 Forging
29:28 Fletching
29:40 Padded Archer Armor
31:33 Bodkin Arrow
37:23 Bow Saw
38:43 Wheelbarrow
41:52 Imperial Age
40:24 Gold Mining
42:30 Gold Shaft Mining
41:46 Stone Mining
42:43 Iron Casting
42:26 Husbandry
42:04 Cavalier
43:58 Plate Barding Armor
44:07 Conscription
45:30 Blast Furnace
49:01 Hand Cart
50:36 Paladin
52:49 Leather Archer Armor
Ticotico
6:46 Loom
10:35 Feudal Age
11:30 Double-Bit Axe
13:36 Fletching
13:46 Padded Archer Armor
23:33 Castle Age
21:34 Stone Mining
22:32 Gold Mining
22:25 Horse Collar
23:39 Crossbowman
25:25 Bow Saw
24:42 Pikeman
25:23 Bodkin Arrow
25:43 Leather Archer Armor
28:58 Treadmill Crane
30:58 Wheelbarrow
30:38 Murder Holes
30:51 Heavy Plow
33:04 Gold Shaft Mining
33:01 Ballistics
36:21 Imperial Age
34:20 Hand Cart
38:40 Chemistry
38:54 Two-Man Saw
37:24 Onager
38:31 Conscription
38:24 Bracer
39:35 Town Watch
40:39 Siege Engineers
40:02 Elite Longbowman
41:03 Leather Archer Armor
41:58 Yeomen
42:26 Warwolf
50:19 Town Patrol
53:09 Spies/Treason
56:39 Forging
56:29 Scale Mail Armor
57:00 Ring Archer Armor
55:53 Cavalier
56:34 Husbandry
55:55 Light Cavalry
56:48 Guilds
57:10 Coinage
56:40 Caravan
juanigna_11
1:27 Loom
11:57 Feudal Age
12:33 Man-at-Arms
13:34 Double-Bit Axe
15:42 Scale Mail Armor
20:12 Castle Age
20:53 Long Swordsman
22:22 Wheelbarrow
25:18 Forging
28:55 Hand Cart
30:40 Pikeman
32:31 Horse Collar
36:03 Imperial Age
34:04 Gold Mining
34:05 Stone Mining
34:58 Anarchy
36:40 Two-Handed Swordsman
38:43 Champion
40:59 Chain Mail Armor
43:09 Elite Huskarl
56:04 Iron Casting
Connection lost

Rejoining the realm…

Still unreachable

The connection could not be restored.

Session expired

The server has moved on; the page needs a fresh start.